 Dungeon Crawl Stone Soup version 0.29-a0-789-g7a8fcbc185 (webtiles) character file.

Game seed: 14913331641984388549

45 zeratav the Shooter (level 3, -3/18 HPs)
             Began as a Spriggan Hunter on July 2, 2022.
             Slain by a gnoll
             ... wielding a +0 spear
              (10 damage)
             ... on level 2 of the Dungeon.
             The game lasted 00:01:26 (1143 turns).

zeratav the Shooter (Spriggan Hunter)               Turns: 1143, Time: 00:01:26

Health: -3/18      AC:  2    Str:  7    XL:     3   Next: 42%
Magic:  4/4        EV: 18    Int: 10    God:
Gold:   88         SH:  0    Dex: 20    Spells: 2/2 levels left

rFire   . . .      SeeInvis +   a - +0 shortbow {bow}
rCold   . . .      Faith    .   (shield currently unavailable)
rNeg    . . .      Spirit   .   c - +0 robe
rPois   .          Reflect  .   (helmet restricted)
rElec   .          Harm     .   (no cloak)
rCorr   .          Rampage  .   (gloves unavailable)
Will    .....                   (boots unavailable)
Stlth   ++........              (no amulet)
HPRegen 0.06/turn               (no ring)
MPRegen 0.09/turn               (no ring)

@: very quick
A: very small, no large weapons, unfitting armour, see invisible, speed 3
a: no special abilities


You were on level 2 of the Dungeon.
You visited 1 branch of the dungeon, and saw 2 of its levels.

You collected 88 gold pieces.


Innate Abilities, Weirdness & Mutations

You are very small and have problems with some larger weapons.
You are too small for most types of armour.
You have supernaturally acute eyesight. (SInv)
You cover ground extremely quickly. (Speed+++)


   Skills:
 - Level 1.5 Fighting
 + Level 6.3 Ranged Weapons
 - Level 2.6 Dodging
 - Level 1.5 Stealth


You had 2 spell levels left.
You didn't know any spells.
Your spell library was empty.

Inventory:

Hand Weapons
 a - a +0 shortbow (weapon) {bow}
Armour
 c - a +0 robe (worn)
Scrolls
 b - 2 scrolls of immolation {!r!r}
 e - a scroll of vulnerability {unknown}
 f - a scroll of poison {unknown}
 g - a scroll of enchant weapon {unknown}
 h - a scroll of identify {unknown}
Potions
 d - a potion of brilliance {unknown}
 i - a potion of lignification {unknown}

Dungeon Overview and Level Annotations

Branches:
Dungeon (2/15) Zot: 11252

Altars:

####.#.# .......#
##########
####.#####.#........#
...........#.######.#
####.#######.# #.#
.........###.# #.#
####.###.....######.##
#.................#
#.###########@.####
..##......gg......#
####....(...#..#.##
###..###.#...<.# ##)#
#.#.#####


8g8 #.#.# ..g###.#.# ...## #.#.# <..# #.#># You could see 2 gnolls.


Message History

No target in view!
No target in view!
No target in view!
No target in view!
No target in view!
No target in view!
No target in view!
No target in view!
No target in view!
No target in view!
No target in view!
No target in view!
A rat comes into view.
You see here 9 gold pieces.
A rat is nearby!
A rat is nearby!
You shoot an arrow. The arrow hits the rat.
You kill the rat!
No target in view!
No target in view!
You now have 88 gold pieces (gained 9).
Found a stone staircase leading up.
An endoplasm comes into view.
An endoplasm is nearby!
An endoplasm is nearby!
You shoot an arrow. The arrow hits the endoplasm.
The endoplasm quivers.
You shoot an arrow. The arrow hits the endoplasm!
You kill the endoplasm!
No target in view!
No target in view!
No target in view!
No target in view!
No target in view!
No target in view!
No target in view!
No target in view!
No target in view!
Found a stone staircase leading down.
You open the door. 2 gnolls and a ball python come into view.
Found a stone staircase leading up.
There are monsters nearby!
You shoot an arrow. The arrow hits the gnoll.
The gnoll shouts!
The ball python hisses angrily.
A gnoll comes into view. It is wielding a +0 flail.
You shoot an arrow. The arrow hits the gnoll.
You shoot an arrow. The arrow barely misses the gnoll.
The arrow barely misses the ball python.
You shoot an arrow. The arrow hits the gnoll!
You kill the gnoll!
You shoot an arrow. The arrow hits the ball python.
The ball python closely misses you. The ball python completely misses you.
The gnoll completely misses you.
You shoot an arrow.
The arrow closely misses the ball python.
The arrow hits the gnoll.
The ball python closely misses you. The ball python grabs you.
The ball python constricts you. The ball python misses you.
The ball python constricts you.
The gnoll hits you from afar with a +0 spear!
Ouch! That really hurt!
* * * LOW HITPOINT WARNING * * *
You are too injured to fight recklessly!
You are too injured to fight recklessly!
HP[-12]
You take 12 damage, and now have 6/18 hp.
MASSIVE DAMAGE!! (PAUSE)
You are too injured to fight recklessly!
You are too injured to fight recklessly!
You are too injured to fight recklessly!
You are too injured to fight recklessly!
You are too injured to fight recklessly!
You are too injured to fight recklessly!
You are too injured to fight recklessly!
You escape the ball python's grasp.
You see here 8 stones {throwing}.
You are too injured to fight recklessly!
Fire: a) +0 shortbow {bow}
Press: ? - help, Q - select action Shift-Dir - straight line, f/p - ball python
Aim: a ball python (severely wounded)
You shoot an arrow.
The arrow barely misses the ball python.
Fire: a) +0 shortbow {bow}
Press: ? - help, Q - select action Shift-Dir - straight line, f/p - ball python
Aim: a ball python (severely wounded)
You shoot an arrow.
The arrow closely misses the ball python.
HP[+1] Fire: a) +0 shortbow {bow}
Press: ? - help, Q - select action Shift-Dir - straight line, f/p - ball python
Aim: a ball python (severely wounded)
You shoot an arrow. The arrow hits the ball python.
You kill the ball python!
Fire: a) +0 shortbow {bow}
Press: ? - help, Q - select action Shift-Dir - straight line, f - gnoll
Aim: a gnoll, wielding a +0 spear (heavily wounded)
You shoot an arrow. The arrow barely misses the gnoll.
The gnoll hits you from afar with a +0 spear!
Ouch! That really hurt!
You die...

Skill      XL: |  1  2 |
---------------+-------+-----
Ranged Weapons | 5 6 |  6.3
Fighting       | |  1.5
Dodging        | |  2.6
Stealth        | |  1.5

Action                   || total
-------------------------++-------
 Fire: Shortbow          ||    72
Dodge: Dodged            ||     9

Levels and vault maps discovered:
D:1:      psy_arrival_spokes, layout_loops_corners
D:2:      layout_basic, nrook_loot_triangle, grunt_ministairs_8

Notes
Turn   | Place    | Note
-------+----------+-------------------------------------------
     0 | D:1      | zeratav the Spriggan Hunter began the quest for the Orb.
     0 | D:1      | Reached XP level 1. HP: 10/10 MP: 2/2
     0 | D:1      | magus.rc [v1.9.6]
    45 | D:1      | Reached skill level 5 in Ranged Weapons
   211 | D:1      | Reached XP level 2. HP: 14/14 MP: 3/3
   817 | D:2      | Reached skill level 6 in Ranged Weapons
   872 | D:2      | Reached XP level 3. HP: 17/18 MP: 4/4
  1143 | D:2      | Slain by a gnoll

Vanquished Creatures
  A gnoll (D:2)
  A dart slug (D:1)
  5 endoplasms
  2 giant cockroaches
  2 goblins
  2 hobgoblins
  5 kobolds
  A quokka (D:1)
  3 ball pythons
  3 bats
  5 frilled lizards
  3 rats
33 creatures vanquished.

Table legend:
 A = Non-vault XP
 B = Vault XP
 C = Vault XP percentage of total XP
 D = Non-vault monster count
 E = Vault monster count
 F = Vault count percentage of total count
                 A         B        C        D         E       F
            +---------+---------+-------+---------+---------+-------
      Total |      50 |      15 |  23.1 |      31 |       2 |   6.1
            +---------+---------+-------+---------+---------+-------
        D:1 |      34 |       0 |   0.0 |      21 |       0 |   0.0
        D:2 |      16 |      15 |  48.4 |      10 |       2 |  16.7
            +---------+---------+-------+---------+---------+-------

Illustrated notes

Table legend:
 A = Kills in this place as a percentage of kills in entire the game.
 B = Kills by you in this place as a percentage of kills by you in the entire game.
 C = Kills by friends in this place as a percentage of kills by friends in the entire game.
 D = Other kills in this place as a percentage of other kills in the entire game.
 E = Experience gained in this place as a percentage of experience gained in the entire game.
 F = Experience gained in this place divided by the number of levels of this place that you have seen.
                   A       B       C       D       E      F
               +-------+-------+-------+-------+-------+----------------------
         Total | 100.0 | 100.0 |   N/A |   N/A | 100.0 |  32.5
       Dungeon | 100.0 | 100.0 |   N/A |   N/A | 100.0 |  32.5
               +-------+-------+-------+-------+-------+----------------------

Table legend: (Time is in decaauts)
 A = Elapsed time spent in this place.
 B = Non-inter-level travel time spent in this place.
 C = Inter-level travel time spent in this place.
 D = Time resting spent in this place.
 E = Time spent auto-exploring this place.
 F = Levels seen in this place.
 G = Mean time per level.
                   A        B        C        D        E       F      G
               +--------+--------+--------+--------+--------+-----+--------+
         Total |    746 |    725 |     21 |      0 |    601 |   2 |  373.0 |
       Dungeon |    746 |    725 |     21 |      0 |    601 |   2 |  373.0 |
               +--------+--------+--------+--------+--------+-----+--------+

Top non-repeatable levels by time:
     D:1: 521 daAuts
     D:2: 225 daAuts
